 Dungeon Crawl Stone Soup version 0.31.0-11-ge490571c62 (webtiles) character file.

Game seed: 8989918806163939194

19 mopl the Sneak (level 2, -3/20 HPs)
             Began as a Draconian Enchanter on Feb 7, 2024.
             Slain by Terence
             ... wielding a +0 mace
              (6 damage)
             ... on level 2 of the Dungeon.
             The game lasted 00:01:06 (881 turns).

mopl the Sneak (Draconian Enchanter)                 Turns: 881, Time: 00:01:06

Health: -3/20      AC:  4    Str: 10    XL:     2   Next: 55%
Magic:  0/5        EV: 12    Int: 15    God:
Gold:   52         SH:  0    Dex: 11    Spells: 3/5 levels left

rFire   . . .        a - +1 dagger
rCold   . . .        (no shield)
rNeg    . . .        (body armour unavailable)
rPois   .            (helmet restricted)
rElec   .            (no cloak)
rCorr   .            (no gloves)
SInv    .            (no boots)
Will    .....        (no amulet)
Stlth   ++           (no ring)
HPRegen 0.23/turn    (no ring)
MPRegen 0.09/turn

%: no passive effects
@: no status effects
A: AC +4, unfitting armour, cold-blooded
a: no special abilities


You were on level 2 of the Dungeon.
You visited 1 branch of the dungeon, and saw 2 of its levels.

You collected 52 gold pieces.

Inventory:

Hand Weapons
 a - a +1 dagger (weapon)
 n - a +0 dagger of holy wrath
Jewellery
 h - an amulet of faith
Scrolls
 d - 2 scrolls of fear {unknown}
 g - 2 scrolls of immolation {unknown}
 i - a scroll of identify {unknown}
 j - a scroll of fog {unknown}
 k - a scroll of teleportation {unknown}
 m - a scroll of torment {unknown}
Potions
 b - 3 potions of invisibility
 c - a potion of attraction {unknown}
 e - a potion of might {unknown}
 f - a potion of curing {unknown}
 l - a potion of magic {unknown}


   Skills:
 - Level 1.0 Short Blades
 - Level 1.7 Dodging
 + Level 3.1 Stealth
 + Level 2.3 Spellcasting
 + Level 3.0 Hexes


You had 3 spell levels left.
You knew the following spells:

 Your Spells              Type           Power      Damage    Failure   Level
a - Ensorcelled Hibernat  Hex/Ice        12%        N/A       17%         2

Your spell library contained the following spells:

 Spells                   Type           Power      Damage    Failure   Level
 Confusing Touch          Hex            10%        N/A       19%         3
 Tukima's Dance           Hex            10%        N/A       19%         3
 Dazzling Flash           Conj/Hex       12%        N/A       34%         3


Dungeon Overview and Level Annotations

Branches:
Dungeon (2/15)

Altars:

Annotations:
D:2 Terence


Innate Abilities, Weirdness & Mutations

Your plain brown scales are hard. (AC +4)
You cannot fit into any form of body armour.
You are cold-blooded and may be slowed by cold attacks.


Message History

No target in view!
There is a stone staircase leading up here.
Found a stone staircase leading up.
You now have 52 gold pieces (gained 13).
Found a whip.
m - a scroll labelled QUSTUAH EQ QOA Terence the Incautious comes into view.
He is wielding a +0 mace.
You see here a +0 dagger of holy wrath.
n - a +0 dagger of holy wrath Terence shouts!
Found a scroll labelled DEBOHI EHEG.
Terence resists with some effort.
Terence resists with some effort.
You don't have enough magic to cast this spell.
You don't have enough magic to cast this spell.
Terence attacks as he pursues you! Terence hits you with a +0 mace.
Terence attacks as he pursues you! Terence hits you but does no damage.
Terence attacks as he pursues you! Terence hits you with a +0 mace.
Casting: Ensorcelled Hibernation (safe; 17% risk of failure)
Confirm with . or Enter, or press ? or * to list all spells.
Aiming: Ensorcelled Hibernation (safe; 17% risk of failure)
Press: ? - help, Shift-Dir - straight line, f/p - Terence
Aim: Terence, wielding a +0 mace and wearing a +0 chain mail (chance to affect: 49%) Terence looks drowsy...
The helpless Terence fails to defend himself.
You hit Terence.
You tail-slap Terence, but do no damage.
Terence is lightly wounded.
Terence hits you with a +0 mace.
You hit Terence. You tail-slap Terence.
Terence is lightly wounded.
Terence hits you with a +0 mace. Terence attacks as he pursues you!
Terence misses you. Terence attacks as he pursues you!
Terence hits you with a +0 mace.
* * * LOW HITPOINT WARNING * * *
Terence attacks as he pursues you! Terence hits you with a +0 mace.
* * * LOW HITPOINT WARNING * * *
Terence attacks as he pursues you! Terence hits you with a +0 mace.
You die...
Terence says, "Rest in peace."

#..............#
#..............#
#..............# #
#..............#..
#...<.........#.<.
#................#
.......###.......#.
...#..###..........
.. ##.#..@@..#####.
...##...##...#
#..........###
#....##.....# #...
#.....# #.. #..[..#
#. #.....# #
#.....# #.....#


You could see Terence.

Vanquished Creatures
  An endoplasm (D:1)
  3 goblins (D:1)
  3 hobgoblins (D:1)
  4 jackals (D:1)
  2 kobolds (D:1)
  A ball python (D:1)
  A frilled lizard (D:2)
  2 rats (D:1)
17 creatures vanquished.

Notes
Turn   | Place    | Note
-------+----------+-------------------------------------------
     0 | D:1      | mopl the Draconian Enchanter began the quest for the Orb.
     0 | D:1      | Reached XP level 1. HP: 14/14 MP: 3/3
   436 | D:1      | Reached XP level 2. HP: 18/20 MP: 5/5
   439 | D:1      | Learned a level 2 spell: Ensorcelled Hibernation
   782 | D:1      | Found a faded altar of an unknown god.
   856 | D:2      | Noticed Terence
   881 | D:2      | Slain by Terence

Illustrated notes

Levels and vault maps discovered:
D:1:      pf_arrival_petrified_forest, layout_basic,
          shapermc_ecumenical_altar_mp_urbaneastern, minivault_23,
          minmay_indecisive_spiral
D:2:      layout_rooms, eino_tiny_chamber, uniq_terence

Skill      XL: |  1  2 |
---------------+-------+-----
Stealth        | 3 |  3.1
Hexes          | 3 |  3.0
Short Blades   | |  1.0
Dodging        | |  1.7
Spellcasting   | |  2.3

Action                     || total
---------------------------++-------
  Melee: Dagger            ||    68
         Tailslap          ||     8
   Cast: Ensorcelled Hiber ||     3
   Stab: Sleeping          ||     5
 Armour: Skin              ||    40
  Dodge: Dodged            ||    35
